 Dungeon Crawl Stone Soup version 0.19-a0-291-ga637243 (webtiles) character file.

249 namelastname112 the Magician (level 5, -1/28 HPs)
             Began as a Deep Elf Wizard on May 28, 2016.
             Killed from afar by an orc wizard (8 damage)
             ... with a magic dart
             ... on level 3 of the Dungeon.
             The game lasted 00:07:44 (3195 turns).

namelastname112 the Magician (Deep Elf Wizard)      Turns: 3195, Time: 00:07:45

Health: -1/28      AC:  2    Str:  4    XL:     5   Next: 87%
Magic:  8/16       EV: 12    Int: 24    God:
Gold:   50         SH:  0    Dex: 13    Spells: 5 memorised, 6 levels left

rFire  . . .     SeeInvis .     k - +0 short sword (venom)
rCold  . . .     Gourm    .     a - +0 robe
rNeg   . . .     Faith    .     (no shield)
rPois  .         Spirit   .     b - +0 hat
rElec  .         Dismiss  .     (no cloak)
rCorr  .         Reflect  .     (no gloves)
SustAt .         Harm     .     (no boots)
MR     .....                    (no amulet)
Stlth  +++.......               (no ring)
                                e - ring of stealth

@: very slightly contaminated, not resistant to hostile enchantments, fairly
stealthy
A: no striking features
a: no special abilities


You were on level 3 of the Dungeon.
You were not hungry.

You visited 1 branch of the dungeon, and saw 3 of its levels.

You collected 50 gold pieces.

Inventory:

Hand Weapons
 k - a +0 short sword of venom (weapon)
Armour
 a - a +0 robe (worn)
 b - a +0 hat (worn)
Jewellery
 e - a ring of stealth (left hand)
Scrolls
 f - 2 scrolls of teleportation {unknown}
 h - 2 scrolls of amnesia {unknown}
 j - a scroll of immolation {unknown}
 m - a scroll of remove curse {unknown}
 n - a scroll of blinking {unknown}
 o - a scroll of random uselessness {unknown}
 p - a scroll of enchant weapon {unknown}
Potions
 i - 2 potions of degeneration {unknown}
 l - a potion of haste {unknown}
Books
 c - a book of Minor Magic

   Spells                             Type                      Level
   a - Magic Dart                     Conjuration                  1
   b - Blink                          Translocation                2
   c - Call Imp                       Summoning                    2
   d - Repel Missiles                 Charms/Air                   2
   e - Slow                           Hexes                        2
   f - Conjure Flame                  Conjuration/Fire             3
   g - Mephitic Cloud                 Conjuration/Poison/Air       3
Comestibles
 d - a bread ration


   Skills:
 + Level 0.0 Fighting
 + Level 2.4 Dodging
 - Level 2.4 Stealth
 + Level 6.7 Spellcasting
 + Level 4.9 Conjurations
   Level 1.1 Summonings
 - Level 1.1 Translocations


You had 6 spell levels left.
You knew the following spells:

 Your Spells              Type           Power        Failure   Level  Hunger
a - Repel Missiles        Chrm/Air       #.....       12%         2    None
c - Conjure Flame         Conj/Fire      ###.....     10%         3    None
s - Mephitic Cloud        Conj/Pois/Air  ###.....     14%         3    None
x - Blink                 Tloc           N/A          10%         2    None
z - Magic Dart            Conj           ####         1%          1    None


Dungeon Overview and Level Annotations

Branches:
Dungeon (3/15)

Altars:
Gozag

Annotations:
D:3 epen's ghost, amateur MfTm


Message History

You now have 14/16 mp.
Casting: Blink
Confirm with . or Enter, or press ? or * to list all spells.
You blink.
The orc wizard hits you with a dagger.
* * * LOW HITPOINT WARNING * * *
You take 2 damage, and have 7/28 hp.
You now have 12/16 mp.
Casting: Blink
Confirm with . or Enter, or press ? or * to list all spells.
You miscast Blink.
You are very lightly contaminated with residual magic.
Nothing appears to happen.
The orc wizard casts a spell.
The orc wizard seems to speed up.
You now have 10/16 mp.
Casting: Blink
Confirm with . or Enter, or press ? or * to list all spells.
You blink.
The orc wizard gestures at you while chanting.
The magic dart hits you!
You die...

########### #.........#
#.........# #####
#.........# ...!#
#.........# ...?#
#.........# ....#
#.........#
....########....@....#
..........##.........#
##.##.......o........#
#.##..................#
#..#.....†§.o.........#
##........#.h.........#
##.......#..W....)....
###
##......#o........[..
#.. #......#h.........
#..


You could see 2 orc wizards, epen's ghost, an orc and a jackal.

Vanquished Creatures
  A crimson imp (D:2)
  2 orc wizards (D:3)
  4 adders
  2 oozes
  4 worms (D:2)
  4 dart slugs
  12 orcs
  A ball python (D:3)
  6 giant cockroaches
  8 goblins
  6 hobgoblins
  6 jackals (D:2)
  3 quokkas (D:2)
  6 bats
  3 giant newts (D:2)
  11 kobolds
  5 rats
84 creatures vanquished.

Vanquished Creatures (others)
  A jackal (D:3)
1 creature vanquished.

Grand Total: 85 creatures vanquished

Notes
Turn   | Place    | Note
--------------------------------------------------------------
     0 | D:1      | namelastname112 the Deep Elf Wizard began the quest for the Orb.
     0 | D:1      | Reached XP level 1. HP: 10/10 MP: 7/7
     0 | D:1      | namelastname112: так
     0 | D:1      | namelastname112: пойду в магаз
     0 | D:1      | Wingboner: Успехов.
     0 | D:1      | namelastname112: ща приду
     0 | D:1      | namelastname112: алсо привет ксено
     0 | D:1      | namelastname112: я пошел в магаз
     0 | D:1      | xeno23: hey
     0 | D:1      | xeno23: ok
     0 | D:1      | Wingboner: What the hay?
     0 | D:1      | Goblin1989: хм
     0 | D:1      | Goblin1989: народ!
     0 | D:1      | Goblin1989: какие кто способы просмотра записей игр кроула знает?
     0 | D:1      | Wingboner: Четыре. Смотреть стрим здесь, смотреть стрим/записи на других сайтах, -tv, -ttyrec.
     0 | D:1      | Wingboner: Я обычно предпочитаю качать ttyrec и смотреть при помощи jettyplay.
     0 | D:1      | Goblin1989: вот я и хотел твои казуальные записи посмотреть
     0 | D:1      | Wingboner: Ну, lg/lm пользоваться умеешь?
     0 | D:1      | Goblin1989: да я тоже пользовался как-то jettyplay.
     0 | D:1      | Goblin1989: но у тебя этих разрешений нет
     0 | D:1      | Wingboner: Щито.
     0 | D:1      | Goblin1989: что за lg/lm
     0 | D:1      | Wingboner: Эх.
     0 | D:1      | Goblin1989: вот уже минут пять как смотрю
     0 | D:1      | Wingboner: В общем, это запросы в ирке, которыми можно отфильтровать нужное тебе.
     0 | D:1      | Goblin1989: а, не
     0 | D:1      | Goblin1989: этим не умею
   107 | D:1      | Goblin1989: casual the Ticktocktomancer (level 27, 267/267 HPs) Began as an Octopode Transmuter on Nov 17, 2015.
   230 | D:1      | Wingboner: Например, !lg Goblin1989 max=score найдёт твою игру с самым высоким счётом.
   391 | D:1      | Reached XP level 2. HP: 15/15 MP: 1/9
   608 | D:1      | Wingboner: А если в конце дописать -ttyrec, то даст ссылку на скачивание записи.
   624 | D:1      | Reached skill level 5 in Spellcasting
   662 | D:1      | Goblin1989: вот за 17.11.2015 все трупы с минусовыми хп
   670 | D:1      | Reached XP level 3. HP: 19/19 MP: 0/11
   693 | D:1      | Learned a level 2 spell: Blink
   696 | D:1      | Learned a level 2 spell: Repel Missiles
   700 | D:1      | Learned a level 3 spell: Conjure Flame
   704 | D:1      | Learned a level 3 spell: Mephitic Cloud
   840 | D:1      | Goblin1989: смейчас гляну
   945 | D:2      | Goblin1989: мне прямо интересно стало
  1082 | D:2      | Goblin1989: хотя это по-любому монк будет
  1285 | D:2      | Reached XP level 4. HP: 7/24 MP: 3/13
  1929 | D:2      | Goblin1989: неа, демонспавн
  1929 | D:2      | Goblin1989: ну правильно
  1929 | D:2      | Goblin1989: у него 15 рун же
  1932 | D:3      | Found an opulent altar of Gozag.
  2211 | D:3      | Noticed epen's ghost (amateur MfTm)
  2416 | D:2      | Goblin1989: работает!
  2416 | D:2      | namelastname112: бля
  2416 | D:2      | namelastname112: посоны
  2416 | D:2      | namelastname112: я подсел на круассаны с вишней
  2416 | D:2      | namelastname112: что делать?
  2416 | D:2      | Goblin1989: есть
  2416 | D:2      | Wingboner: Что делать-что делать... ЖИРЕТЬ!
  2422 | D:3      | Goblin1989: да не
  2536 | D:3      | Goblin1989: если двигаться много то не разжиреешь
  2539 | D:3      | Reached skill level 6 in Spellcasting
  2643 | D:3      | Goblin1989: я вот сладкоежкин
  2647 | D:3      | Reached XP level 5. HP: 16/28 MP: 3/15
  2651 | D:3      | Goblin1989: и ничего - 55 кг всего
  2768 | D:2      | Goblin1989: хотя теперь 58 вроде
  2768 | D:2      | namelastname112: я 47
  2768 | D:2      | Goblin1989: но это не сладости
  2957 | D:2      | xeno23: встретил гостя
  2957 | D:2      | Goblin1989: это я на обед с работы хотить начал
  2982 | D:3      | xeno23: с глацом, фш и шаттером
  3042 | D:3      | Goblin1989: казуал?
  3195 | D:3      | Killed from afar by an orc wizard

Vault maps used:
D:1:      nagdon_arrival_zigzag_paths, hangedman_feature_mirror
D:2:      hex_medium, minivault_4, minmay_crystal_room
D:3:      nicolae_gozag_seed_capital, first_bread

Skill      XL: |  1  2  3  4 |
---------------+-------------+-----
Conjurations   | 2 3 4 |  4.9
Spellcasting   | 5 6 |  6.7
Dodging        | |  2.4
Stealth        | |  2.4
Summonings     | |  1.1
Translocations | |  1.1

Action                   |  1- 3 |  4- 6 || total
-------------------------+-------+-------++-------
Melee: Dagger            |    14 |       ||    14
       Short sword       |     9 |     6 ||    15
 Cast: Magic Dart        |    92 |   125 ||   217
       Mephitic Cloud    |     1 |     8 ||     9
       Repel Missiles    |     1 |     1 ||     2
       Blink             |       |     5 ||     5
 Stab: Sleeping          |       |     1 ||     1
  Eat: Chunk             |     1 |     4 ||     5
       Beef jerky        |       |     1 ||     1
Armor: Robe              |    13 |     5 ||    18
Dodge: Dodged            |    35 |    30 ||    65
       Deflected         |       |     2 ||     2
